 Dungeon Crawl Stone Soup version 0.18-a0-917-g8a3da5b (webtiles) character file.

44 sugabear the Cudgeler (level 3, 0/18 HPs)
             Began as a Vine Stalker Gladiator on Dec 26, 2015.
             Slain by an adder (2 damage)
             ... on level 2 of the Dungeon.
             The game lasted 00:01:35 (1243 turns).

sugabear the Cudgeler (Vine Stalker Gladiator)      Turns: 1243, Time: 00:01:35

Health: 0/18       AC:  4    Str: 18    XL:     3   Next: 62%
Magic:  0/4        EV: 13    Int:  8    God:
Gold:   48         SH:  0    Dex: 14    Spells: 0 memorised, 2 levels left

rFire  . . .     SeeInvis .     a - +0 flail
rCold  . . .     Gourm    .     b - +0 leather armour
rNeg   . . .     Faith    .     (no shield)
rPois  .         Spirit   +     c - +0 helmet
rElec  .         Dismiss  .     (no cloak)
rCorr  .         Reflect  .     (no gloves)
SustAt .         Harm     .     (no boots)
MR     .....                    (no amulet)
Stlth  +.........               (no ring)
                                (no ring)

@: lethally poisoned (0 -> -3), not resistant to hostile enchantments, very
unstealthy
A: fangs 2, regeneration 1, magic shield, antimagic bite, no device heal 3, rot
immunity
a: no special abilities


You were on level 2 of the Dungeon.
You were not hungry.

You visited 1 branch of the dungeon, and saw 2 of its levels.

You collected 48 gold pieces.

Inventory:

Hand Weapons
 a - a +0 flail (weapon)
Missiles
 d - 2 throwing nets (quivered)
Armour
 b - a +0 leather armour (worn)
 c - a +0 helmet (worn)
Jewellery
 e - an uncursed ring of see invisible {unknown}
Scrolls
 g - 2 scrolls of enchant armour {unknown}
 h - a scroll of teleportation {unknown}
 i - a scroll of enchant weapon {unknown}
 j - 2 scrolls of fear {unknown}
 k - a scroll of immolation {unknown}
 l - a scroll of magic mapping {unknown}
 m - a scroll of identify {unknown}
Comestibles
 f - 2 bread rations


   Skills:
 + Level 2.0 Fighting
 + Level 3.2 Maces & Flails
 + Level 1.8 Throwing
 + Level 0.2 Armour
 + Level 3.0 Dodging
 + Level 0.3 Stealth


You had 2 spell levels left.
You didn't know any spells.

Dungeon Overview and Level Annotations

Branches:
Dungeon (2/15)

Altars:


Innate Abilities, Weirdness & Mutations

You have extremely sharp teeth.
Your natural rate of healing is unusually fast.
When hurt, damage is shared between your health and your magic reserves.
Your bite disrupts and absorbs the magic of your enemies.
Potions and wands cannot restore your health.
You are immune to rotting.


Message History

The adder completely misses you. The kobold hits you with a club.
* * * LOW HITPOINT WARNING * * *
You are too injured to fight recklessly!
You are too injured to fight recklessly!
You are too injured to fight recklessly!
You feel sick. The kobold barely misses you. The adder bites you.
* * * LOW HITPOINT WARNING * * *
You are lethally poisoned!
The adder poisons you!
* * * LOW HITPOINT WARNING * * *
You feel sick.
Throwing (i - inventory):
d - 3 throwing nets (quivered)
Press: ? - help, Shift-Dir - straight line, f - adder
Aim: an adder (severely wounded)
You throw a throwing net.
The throwing net closely misses the adder.
The throwing net hits the kobold.
The kobold is caught in the net!
The adder bites you.
You die...

##..........#
#.......#
#..........#
#.#######
#..........# #.#
#....<.....#
#.#####
#.....######
#.....# #.....#
#####.# #.....#
#...# ##....#
#####.###
#....#######KS@..#
.............#####
...S#.........#
.......## .......
....... .......
....... #+#####


You could see an adder and a kobold (caught).

Vanquished Creatures
  An adder (D:2)
  2 oozes (D:1)
  A worm (D:2)
  A ball python (D:1)
  2 giant cockroaches (D:1)
  3 hobgoblins (D:1)
  2 kobolds (D:1)
  3 bats (D:1)
  4 giant newts (D:1)
  2 goblins
  5 rats
26 creatures vanquished.

Notes
Turn   | Place    | Note
--------------------------------------------------------------
     0 | D:1      | sugabear the Vine Stalker Gladiator began the quest for the Orb.
     0 | D:1      | Reached XP level 1. HP: 11/11 MP: 2/2
   163 | D:1      | Reached XP level 2. HP: 15/15 MP: 3/3
   211 | D:1      | Reached skill level 3 in Maces & Flails
   509 | D:1      | Reached XP level 3. HP: 16/18 MP: 4/4
  1243 | D:2      | Slain by an adder

Vault maps used:
D:1:      scummos_arrival_hexagon, due_unseen_surprise
D:2:      lightli_temple_of_fire

Action                   || total
-------------------------++-------
Melee: Flail             ||    86
Throw: Throwing net      ||     1
 Stab: Sleeping          ||     2
  Eat: Chunk             ||     1
